 Dungeon Sprint DCSS version 0.24-a0-246-gb963c9a (webtiles) character file.

Game seed: 12949104859564290748

18156 MikeHunt the Spear-Bearer (level 12, -1/101 HPs)
             Began as a Centaur Fighter on Apr 12, 2019.
             Was a High Priest of Okawaru.
             Slain by a blink frog (8 damage)
             ... in the Dungeon (Sprint III: "The Ten Rune Challenge").
             The game lasted 00:25:11 (4845 turns).

MikeHunt the Spear-Bearer (Centaur Fighter)         Turns: 4845, Time: 00:25:12

Health: -1/101     AC: 13    Str: 21    XL:     12   Next: 25%
Magic:  18/18      EV:  9    Int:  7    God:    Okawaru [*****.]
Gold:   978        SH: 11    Dex: 12    Spells: 11/11 levels left

rFire    . . .     SeeInvis .   a - +0 trident
rCold    . . .     Gourm    .   c - +0 shield
rNeg     . . .     Faith    .   k - +1 chain mail {rPois}
rPois    +         Spirit   .   (no helmet)
rElec    .         Reflect  .   (no cloak)
rCorr    .         Harm     .   (no gloves)
MR       .....     NoTele   +   (no barding)
Stlth    ..........             (no amulet)
HPRegen  0.26/turn              (no ring)
MPRegen  0.16/turn              (no ring)

@: very slow
A: large, hooves 3, slimy green scales 1, camouflage 1, deformed body,
deterioration 1, speed 2, frail 1, tough skin 3, subdued magic 1
a: Heroism, Finesse, Renounce Religion


You were in the Dungeon.
You worshipped Okawaru.
Okawaru was extremely pleased with you.
You were hungry.

You visited 1 branch You collected 1398 gold pieces.
You spent 420 gold pieces at shops.

Inventory:

Hand Weapons
 a - a +0 trident (weapon)
 b - the +1 fustibalus "Grim Tooth" {venom, Str+6 Dex-3 SInv}
   (You bought it in a shop in the Dungeon)

   It poisons the ammo it fires.
   It affects your strength (+6).
   It affects your dexterity (-3).
   It lets you see invisible.
 u - a +2 vampiric spear {god gift, !w}
 v - a +0 longbow
Missiles
 j - 28 sling bullets {god gift}
 w - 75 arrows
Armour
 c - a +0 shield (worn)
 d - a +0 scale mail
 g - a +0 plate armour
 k - a +1 chain mail of poison resistance (worn)
 s - a +0 ring mail
 y - the +3 hat of Pondering {ponderous, MR+ MP+10 Int+5}
   (You took it off Gastronok in the Dungeon)

   It affects your intelligence (+5).
   It affects your resistance to hostile enchantments.
   It affects your magic capacity (+10).
Wands
 t - a wand of polymorph (3)
Scrolls
 m - a scroll of holy word {unknown}
 n - 2 scrolls of identify {unknown}
 o - a scroll of remove curse {unknown}
 q - a scroll of torment {unknown}
 r - a scroll of immolation {unknown}
Potions
 e - a potion of curing
 h - 3 potions of haste
 i - 2 potions of magic
 l - 2 potions of mutation
 p - 3 potions of flight
 z - a potion of ambrosia {unknown}
Comestibles
 f - 12 rations


   Skills:
 + Level 12.6 Fighting
 - Level 14.0 Polearms
 + Level 13.9 Slings
 + Level 10.8 Armour
 + Level 8.0 Dodging
 - Level 9.4 Shields
 - Level 8.0 Invocations


You had 11 spell levels left.
You didn't know any spells.
Your spell library contained the following spells:

 Spells                   Type           Power        Failure   Level  Hunger
 Animate Skeleton         Necr           N/A          95%         1    ##.....
 Apportation              Tloc           #.....       95%         1    ##.....
 Confusing Touch          Hex            #.....       95%         1    ##.....
 Summon Small Mammal      Summ           #...         95%         1    ##.....


Dungeon Overview and Level Annotations

Branches:
Dungeon (1/1)

Altars:
Cheibriados
Dithmenos
Elyvilon
Fedhas
Gozag
Hepliaklqana
Kikubaaqudgha
Makhleb
Nemelex Xobeh
Okawaru
Qazlal
Ru
Sif Muna
Trog
Uskayaw
Vehumet
Wu Jian
Xom
Yredelemnul
Zin
The Shining One
Beogh
Jiyva
Lugonu

Shops:
D (

Annotations:
D exclusion: 2 doors


Innate Abilities, Weirdness & Mutations

You have hooves in place of feet.
Armour fits poorly on your strangely shaped body.
You cover ground very quickly.
You have extremely tough skin. (AC +3)
You are partially covered in slimy green scales. (AC +2)
Your skin changes colour to match your surroundings (Stealth+).
Your body sometimes deteriorates upon taking damage.
You are frail. (-10% HP)
Your spells are a little easier to cast, but a little less powerful.


Message History

You see here a glowing hand crossbow {god gift}.
Things that are here:
11 sling bullets {god gift}; a death yak corpse The blink frog croaks.
You see here 5 sling bullets {god gift}.
Things that are here:
11 sling bullets {god gift}; a death yak corpse You see here a glowing hand crossbow {god gift}.
You see here a black mamba corpse.
The blink frog blinks!
There is an open door here.
You enter the shallow water.
Moving in this stuff is going to be slow.
The blink frog hits you!
* * * LOW HITPOINT WARNING * * *
The blink frog blinks!
You close the door.
The blink frog hits you but does no damage.
You open the door. The blink frog hits you!
You die...

▓)....#.≈≈≈.......#[###__#
▓'#####.....[.....#[[.#__#
▓......)..........#___#__'
▓▓▓▓▓▓▓▓▓▓▓▓▓▓▓▓▓▓▓▓▓▓▓▓▓▓
▓...'≈≈≈≈≈≈≈≈≈♣♣.....♣♣♣♣
▓...#.≈≈§§§§≈≈♣♣.≈≈≈≈'♣♣'
▓.P.#≈≈≈§§§≈≈≈≈'.....#.≈♣
▓...#≈≈≈F§§≈≈≈♣♣♣♣♣♣♣#..♣
▓...#≈≈≈@≈§≈≈≈♣ ###+
▓##'####'#######♣
▓........†)(§(..♣♣
▓#+#############'♣ .JJ#
Y(FYY((.♣ ▓..J+ .########
▓...# ▓...# #+###


You could see a blink frog.

Vanquished Creatures
  Rupert (D)
  Gastronok (D)
  2 dire elephants (D)
  Josephine (D)
  A centaur warrior (D)
  4 death yaks (D)
  An orc high priest (D)
  An unseen horror (D)
  A deep elf mage (D)
  An orc knight (D)
  2 elephants (D)
  A black mamba (D)
  A komodo dragon (D)
  2 spiny frogs (D)
  A queen bee (D)
  3 wandering mushrooms (D)
  6 blink frogs (D)
  A shadow (D)
  A spatial vortex (D)
  2 orc warriors (D)
  A swamp drake (D)
  A necrophage (D)
  2 centaurs (D)
  An earth elemental (D)
  A water elemental (D)
  A scorpion (D)
  32 killer bees (D)
  A jelly (D)
  4 orc priests (D)
  Jessica (D)
  2 orc wizards (D)
  A wizard (D)
  A necromancer (D)
  A kobold demonologist (D)
  3 humans (D)
  An ooze (D)
  8 orcs (D)
  2 rats (D)
98 creatures vanquished.

Vanquished Creatures (others)
  2 draconian scorchers (D)
  6 hellions (D)
  3 yaktaurs (D)
  A rime drake (D)
  An electric eel (D)
  9 plants (D)
22 creatures vanquished.

Grand Total: 120 creatures vanquished

Notes
Turn   | Place    | Note
-------+----------+-------------------------------------------
     0 | D        | MikeHunt the Centaur Fighter began the quest for the Orb.
     0 | D        | Reached XP level 1. HP: 19/19 MP: 1/1
     3 | D        | Reached skill level 2 in Polearms
    16 | D        | Noticed Jessica
    21 | D        | Killed Jessica
    21 | D        | Reached skill level 4 in Polearms
    21 | D        | Reached XP level 2. HP: 26/26 MP: 2/2
    21 | D        | Reached XP level 3. HP: 31/31 MP: 3/3
    42 | D        | Noticed a scorpion
    77 | D        | Killed a yaktaur
    91 | D        | Killed a yaktaur
   116 | D        | Killed a hellion
   117 | D        | Killed a hellion
   117 | D        | Killed a hellion
   117 | D        | Killed a hellion
   126 | D        | Killed a hellion
   161 | D        | Killed a hellion
   179 | D        | Killed a white draconian scorcher
   263 | D        | Killed a white draconian scorcher
   311 | D        | Killed a scorpion
   311 | D        | Reached skill level 5 in Polearms
   311 | D        | Reached skill level 5 in Shields
   311 | D        | Reached XP level 4. HP: 20/38 MP: 4/4
   400 | D        | Gained mutation: You are frail. (-10% HP) [potion of
                  | mutation]
   400 | D        | Gained mutation: Your skin changes colour to match your
                  | surroundings (Stealth+). [potion of mutation]
   401 | D        | Lost mutation: You are frail. (-10% HP) [potion of
                  | mutation]
   401 | D        | Gained mutation: You are frail. (-10% HP) [potion of
                  | mutation]
   401 | D        | Gained mutation: Your body sometimes deteriorates upon
                  | taking damage. [potion of mutation]
   401 | D        | Gained mutation: Your spells are a little easier to cast,
                  | but a little less powerful. [potion of mutation]
   401 | D        | Gained mutation: You are partially covered in slimy green
                  | scales. (AC +2) [potion of mutation]
   492 | D        | Reached skill level 6 in Polearms
   552 | D        | Noticed a water elemental
   578 | D        | Killed a water elemental
   578 | D        | Reached skill level 7 in Polearms
   578 | D        | Reached XP level 5. HP: 40/40 MP: 5/5
   603 | D        | Found a hide-covered altar of Uskayaw.
   603 | D        | Found a roughly hewn altar of Beogh.
   603 | D        | Found an iron altar of Okawaru.
   603 | D        | Found a bloodstained altar of Trog.
   603 | D        | Found an ornate altar of the Wu Jian Council.
   603 | D        | Noticed a human
   603 | D        | Noticed a human
   646 | D        | Became a worshipper of Warmaster Okawaru
   669 | D        | Killed a human
   669 | D        | Reached skill level 8 in Polearms
   669 | D        | Reached XP level 6. HP: 35/45 MP: 6/6
   683 | D        | Killed a human
   683 | D        | Reached skill level 9 in Polearms
   787 | D        | Killed a yaktaur
   797 | D        | Reached * piety under Okawaru
   801 | D        | Found a basalt altar of Yredelemnul.
   801 | D        | Found a shadowy altar of Dithmenos.
   801 | D        | Found a sacrificial altar of Ru.
   812 | D        | Reached XP level 7. HP: 46/50 MP: 6/8
   814 | D        | Reached skill level 10 in Polearms
   828 | D        | Found a glowing silver altar of Zin.
   828 | D        | Found a glowing golden altar of the Shining One.
   828 | D        | Found a white marble altar of Elyvilon.
   829 | D        | Noticed a deep elf mage
   841 | D        | Killed a deep elf mage
   841 | D        | Reached ** piety under Okawaru
   841 | D        | Reached skill level 5 in Invocations
  1077 | D        | Found a radiant altar of Vehumet.
  1078 | D        | Found a deep blue altar of Sif Muna.
  1078 | D        | Found an ancient bone altar of Kikubaaqudgha.
  1087 | D        | Reached XP level 8. HP: 55/55 MP: 10/12
  1110 | D        | Reached skill level 11 in Polearms
  1121 | D        | Found Coacamm's Antique Weapon Shoppe.
  1604 | D        | Noticed an orc high priest
  1650 | D        | Noticed a hellwing
  1657 | D        | Killed an orc high priest
  1657 | D        | Reached *** piety under Okawaru
  1657 | D        | Reached skill level 12 in Polearms
  1657 | D        | Reached XP level 9. HP: 36/62 MP: 13/15
  1780 | D        | Found a blossoming altar of Fedhas.
  1783 | D        | Found a stormy altar of Qazlal.
  1784 | D        | Found a snail-covered altar of Cheibriados.
  1784 | D        | Found a burning altar of Makhleb.
  1784 | D        | Found a hazy altar of Hepliaklqana.
  1784 | D        | Found a shimmering altar of Xom.
  1784 | D        | Found an opulent altar of Gozag.
  1784 | D        | Found a sparkling altar of Nemelex Xobeh.
  1784 | D        | Found a corrupted altar of Lugonu.
  1784 | D        | Found a viscous altar of Jiyva.
  1787 | D        | Noticed an orc knight
  1988 | D        | Killed an orc knight
  1988 | D        | Reached **** piety under Okawaru
  1988 | D        | Reached skill level 13 in Polearms
  2233 | D        | Bought a twisted fustibalus for 420 gold pieces
  2233 | D        | Identified the +1 fustibalus "Grim Tooth" {venom, Str+6
                  | Dex-3 SInv} (You bought it in a shop in the Dungeon)
  2246 | D        | Noticed Josephine
  2255 | D        | Killed Josephine
  2255 | D        | Reached skill level 14 in Polearms
  2255 | D        | Reached skill level 5 in Slings
  2322 | D        | Noticed a centaur warrior
  2337 | D        | Killed a centaur warrior
  2337 | D        | Reached ***** piety under Okawaru
  2337 | D        | Received a gift from Okawaru
  2337 | D        | Reached XP level 10. HP: 58/69 MP: 16/16
  2383 | D        | Killed an unseen horror
  2383 | D        | Reached skill level 5 in Armour
  2610 | D        | Reached skill level 5 in Dodging
  2656 | D        | Reached skill level 5 in Fighting
  2673 | D        | Noticed a spiny frog
  2673 | D        | Noticed a spiny frog
  2685 | D        | Killed a spiny frog
  2694 | D        | Killed a spiny frog
  3113 | D        | Received a gift from Okawaru
  3397 | D        | Reached XP level 11. HP: 50/84 MP: 11/17
  3461 | D        | Received a gift from Okawaru
  3696 | D        | Reached skill level 10 in Slings
  4087 | D        | Noticed a dire elephant
  4087 | D        | Noticed a dire elephant
  4088 | D        | Noticed Gastronok
  4128 | D        | Killed a dire elephant
  4170 | D        | Killed a dire elephant
  4170 | D        | Reached skill level 10 in Fighting
  4224 | D        | Killed Gastronok
  4224 | D        | Received a gift from Okawaru
  4224 | D        | Received a gift from Okawaru
  4283 | D        | Noticed an azure jelly
  4284 | D        | Noticed an azure jelly
  4284 | D        | Noticed an azure jelly
  4286 | D        | Noticed an azure jelly
  4288 | D        | Noticed Rupert
  4344 | D        | Paralysed by Rupert for 4 turns
  4396 | D        | Paralysed by Rupert for 7 turns
  4441 | D        | Paralysed by Rupert for 5 turns
  4455 | D        | Killed Rupert
  4455 | D        | Reached skill level 10 in Armour
  4743 | D        | Noticed a death yak
  4743 | D        | Noticed a death yak
  4745 | D        | Noticed a death yak
  4748 | D        | Noticed a death yak
  4758 | D        | Killed a death yak
  4758 | D        | Reached XP level 12. HP: 96/100 MP: 18/18
  4775 | D        | Killed a death yak
  4775 | D        | Received a gift from Okawaru
  4792 | D        | Killed a death yak
  4800 | D        | Killed a death yak
  4845 | D        | Slain by a blink frog

Levels and vault maps discovered:
D:        dungeon_sprint_mu [sprint_mu_entry_forest, sprint_mu_temple_rooms,
          sprint_mu_d1_horrors, sprint_mu_d2_genie, sprint_mu_d3_branching,
          sprint_mu_orc_legion, sprint_mu_elf_gauntlet, sprint_mu_hive_nellie,
          sprint_mu_lair_fedhas, sprint_mu_vaults_butterflies,
          sprint_mu_slime_circle, sprint_mu_swamp_cave, sprint_mu_shoals_archi,
          sprint_mu_blade_basic, sprint_mu_crypt_chambers,
          sprint_mu_tomb_spiral, sprint_mu_vestibule_basic,
          sprint_mu_gehenna_hellfire, sprint_mu_dis_giant,
          sprint_mu_tartarus_statrot, sprint_mu_cocytus_islands, sprint_mu_zot1]

Skill      XL: |  1  2  3  4  5  6  7  8  9 10 11 12 |
---------------+-------------------------------------+-----
Polearms       | 4 5 7 8 9 10 12 14 | 14.0
Shields        | 3 5 6 7 8 9 |  9.4
Invocations    | 2 6 8 |  8.0
Armour         | 3 4 7 10 | 10.8
Dodging        | 2 4 7 8 |  8.0
Slings         | 9 13 | 13.9
Fighting       | 7 12 | 12.6

Action                   |  1- 3 |  4- 6 |  7- 9 | 10-12 || total
-------------------------+-------+-------+-------+-------++-------
Melee: Trident           |    33 |    61 |   201 |   215 ||   510
       Kick              |     6 |     6 |    41 |    57 ||   110
       Spear             |       |       |       |   148 ||   148
 Fire: Fustibalus        |       |       |       |   154 ||   154
Invok: Heroism           |       |       |     5 |     5 ||    10
       Finesse           |       |       |       |     1 ||     1
  Use: Potion            |       |     2 |     3 |       ||     5
       Scroll            |       |       |       |     1 ||     1
 Stab: Sleeping          |       |       |     2 |       ||     2
  Eat: Ration            |       |       |     2 |     2 ||     4
       Chunk             |       |       |       |     2 ||     2
Armor: Scale mail        |     4 |     7 |     3 |       ||    14
       Ring mail         |       |       |    15 |    10 ||    25
       Plate armour      |       |       |       |    52 ||    52
       Chain mail        |       |       |       |     2 ||     2
Dodge: Dodged            |     3 |     2 |    23 |    48 ||    76
Block: Shield            |     9 |    12 |    43 |   125 ||   189

Table legend:
 A = Non-vault XP
 B = Vault XP
 C = Vault XP percentage of total XP
 D = Non-vault monster count
 E = Vault monster count
 F = Vault count percentage of total count
                 A         B        C        D         E       F
            +---------+---------+-------+---------+---------+-------
      Total |       0 |   25938 | 100.0 |       0 |      99 | 100.0
            +---------+---------+-------+---------+---------+-------
          D |       0 |   25938 | 100.0 |       0 |      99 | 100.0
            +---------+---------+-------+---------+---------+-------
